 Dungeon Crawl Stone Soup version 0.28.0-43-g3370ac3207 (webtiles) character file.

Game seed: 1625114369973740172

85 tizbic2 the Shield-Bearer (level 4, 0/38 HPs)
             Began as a Demigod Fighter on Mar 8, 2022.
             Slain by an ogre
             ... wielding a +0 giant club
              (17 damage)
             ... on level 3 of the Dungeon.
             The game lasted 00:07:08 (1816 turns).

tizbic2 the Shield-Bearer (Demigod Fighter)         Turns: 1816, Time: 00:07:08

Health: 0/38       AC: 11    Str: 27    XL:     4   Next: 5%
Magic:  6/6        EV:  6    Int: 16    God:
Gold:   72         SH:  5    Dex: 13    Spells: 3/3 levels left

rFire   . . .      SeeInvis .   a - +0 war axe
rCold   . . .      Faith    .   c - +0 buckler
rNeg    . . .      Spirit   .   o - +0 plate armour
rPois   .          Reflect  .   (no helmet)
rElec   .          Harm     .   (no cloak)
rCorr   .          Rampage  .   (no gloves)
Will    .....                   (no boots)
Stlth   ..........              (no amulet)
HPRegen 0.12/turn               h - +6 ring of strength
MPRegen 0.10/turn               m - +6 ring of intelligence

@: no status effects
A: high MP 1, forlorn, divine attributes
a: no special abilities


You were on level 3 of the Dungeon.
You visited 1 branch of the dungeon, and saw 3 of its levels.

You collected 72 gold pieces.

Inventory:

Hand Weapons
 a - a +0 war axe (weapon)
Missiles
 f - 15 arrows
 l - 29 stones (quivered)
Armour
 c - a +0 buckler (worn)
 o - a +0 plate armour (worn)
Jewellery
 h - a +6 ring of strength (left hand)
 m - a +6 ring of intelligence (right hand)
Scrolls
 b - a scroll of teleportation {unknown}
 i - a scroll of immolation {unknown}
 k - a scroll of fog {unknown}
Potions
 d - a potion of might
 e - a potion of mutation {unknown}
 g - a potion of attraction {unknown}
 j - a potion of heal wounds {unknown}
 n - 2 potions of degeneration {unknown}


   Skills:
 + Level 3.2 Fighting
 + Level 2.4 Axes
 - Level 2.6 Armour
 * Level 3.8 Shields


You had 3 spell levels left.
You didn't know any spells.
Your spell library was empty.

Dungeon Overview and Level Annotations

Branches:
Dungeon (3/15)

Shops:
D:2 ?


Innate Abilities, Weirdness & Mutations

You have an increased reservoir of magic. (+10% MP)
You shall have no god before yourself.
Your divine heritage dramatically boosts your attributes as you level up.


Message History

You see here a dart slug corpse.
You closely miss the hobgoblin. You barely miss the hobgoblin.
You block the hobgoblin's attack.
The hobgoblin hits you but does no damage.
The hobgoblin completely misses you. You block the hobgoblin's attack.
You hit the hobgoblin.
The hobgoblin is severely wounded.
You slash the hobgoblin!
You kill the hobgoblin!
A kobold comes into view. It is wielding a +0 short sword.
You block the hobgoblin's attack.
The kobold shouts!
You hit the hobgoblin.
You kill the hobgoblin!
You have reached level 4!
You slash the kobold!
You kill the kobold!
e - a murky purple potion A kobold comes into view.
It is wielding a +0 dagger.
The kobold shouts!
You barely miss the kobold. The kobold hits you but does no damage.
You barely miss the kobold.
The kobold hits you but does no damage. x2
You slash the kobold!
You kill the kobold!
Found a leather armour.
A hobgoblin comes into view.
Found a scroll labelled EZOM YSODDUB.
The hobgoblin shouts!
An ogre comes into view. It is wielding a +0 giant club.
The hobgoblin closely misses you.
You slash the hobgoblin!
You kill the hobgoblin!
The ogre hits you with a +0 giant club.
You slash the ogre!
The ogre is heavily wounded.
The ogre hits you with a +0 giant club!
You barely miss the ogre.
The ogre is heavily wounded.
The ogre hits you with a +0 giant club!
You die...

######....... #.......#
#.###.### #.# #.#. # #.#
#.#.#### ##.# #.#
#.#...<# ##...## ..#
#.###..# ###...#..#
#.###.###..#####........#
#..##...<###....@O.......
.#.#######...##.#........
.#.# ###...#..#..........
.#.###........##.[......#
.#.............#.....?...
.#.##†#........##........
.#..#...........#..#...##
###.##........#.##...###
#..#...........


You could see an ogre.

Vanquished Creatures
  2 adders
  2 worms (D:2)
  A dart slug (D:3)
  4 ball pythons
  6 bats
  6 endoplasms
  2 giant cockroaches
  4 goblins
  9 hobgoblins
  4 kobolds
  2 quokkas
  5 frilled lizards
  7 rats
54 creatures vanquished.

Notes
Turn   | Place    | Note
-------+----------+-------------------------------------------
     0 | D:1      | tizbic2 the Demigod Fighter began the quest for the Orb.
     0 | D:1      | Reached XP level 1. HP: 18/18 MP: 3/3
   314 | D:1      | Reached XP level 2. HP: 24/25 MP: 4/4
   904 | D:2      | Found Ippiless's Magic Scroll Boutique.
   928 | D:2      | Reached XP level 3. HP: 31/31 MP: 5/5
  1758 | D:3      | Reached XP level 4. HP: 37/38 MP: 6/6
  1810 | D:3      | Noticed an ogre
  1816 | D:3      | Slain by an ogre

Illustrated notes

Levels and vault maps discovered:
D:1:      lightli_arrival_isolated_outpost, layout_loops_cross,
          basic_ecumenical_altar
D:2:      layout_rooms, serial_shops, nicolae_shop_competitors_out_of_business,
          minmay_misc_feat_iff, kennysheep_crisscross
D:3:      minmay_skewed_foursquare, layout_basic

Skill      XL: |  1  2 |
---------------+-------+-----
Axes           | 2 |  2.4
Shields        | 3 |  3.8
Fighting       | 3 |  3.2
Armour         | |  2.6

Action                   |  1- 3 |  4- 6 || total
-------------------------+-------+-------++-------
Melee: War axe           |   158 |     7 ||   165
Throw: Stone             |     6 |       ||     6
  Use: Scroll            |     1 |       ||     1
Armor: Scale mail        |    33 |       ||    33
       Plate armour      |    49 |     3 ||    52
Dodge: Dodged            |    69 |     1 ||    70
Block: Buckler           |    46 |       ||    46
